 Dungeon Crawl Stone Soup version 0.29.1-14-g9c671dbff4 (webtiles) character file.

Game seed: 11693751928750596227

3930 fld782 the Cleaver (level 10, -7/86 HPs)
             Began as a Meteoran Fighter on Feb 15, 2023.
             Mangled by a death yak (18 damage)
             ... on level 10 of the Dungeon.
             The game lasted 00:14:23 (4207 turns).

fld782 the Cleaver (Meteoran Fighter)               Turns: 4207, Time: 00:14:24

Health: -7/86      AC: 17    Str: 18    XL:     10   Next: 71%
Magic:  11/11      EV: 13    Int: 22    God:
Gold:   88         SH:  7    Dex: 24    Spells: 9/9 levels left

rFire   + . .      SeeInvis .   L - +3 war axe (freeze)
rCold   + . .      Faith    .   c - +0 buckler
rNeg    . . .      Spirit   .   q - +9 scale mail "Walyabb" {rPois Int+2 Dex+4}
rPois   +          Reflect  .   (no helmet)
rElec   .          Harm     .   E - scarf {rC+ rF+}
rCorr   .          Rampage  .   (no gloves)
Will    +....                   (no boots)
Stlth   +.........              (no amulet)
HPRegen 0.24/turn               i - +6 ring of intelligence
MPRegen 0.12/turn               s - +6 ring of dexterity

@: glowing
A: sense surroundings 2, otherworldly, glowing, explore regen
a: no special abilities


You were on level 10 of the Dungeon.
You visited 1 branch of the dungeon, and saw 10 of its levels.

You collected 268 gold pieces.
You spent 180 gold pieces at shops.

Inventory:

Hand Weapons
 a - a +3 trident
 L - a +3 war axe of freezing (weapon)
Missiles
 J - a curare-tipped dart (quivered)
 K - 8 poisoned darts
Armour
 b - a +0 scale mail
 c - a +0 buckler (worn)
 q - the +9 scale mail "Walyabb" (worn) {rPois Int+2 Dex+4}
   (You found it on level 2 of the Dungeon)

   Int:       It affects your intelligence (+2).
   Dex:       It affects your dexterity (+4).
   rPois:     It protects you from poison.
 E - a scarf of resistance (worn)
Jewellery
 i - a +6 ring of intelligence (left hand)
 r - a ring of see invisible
 s - a +6 ring of dexterity (right hand)
Wands
 F - a wand of iceblast (2)
Scrolls
 e - 7 scrolls of magic mapping {unknown}
 h - 10 scrolls of identify {unknown}
 j - a scroll of silence {unknown}
 m - 3 scrolls of vulnerability {unknown}
 n - 4 scrolls of teleportation {unknown}
 o - a scroll of fear {unknown}
 p - a scroll of fog {unknown}
 u - 2 scrolls of immolation {unknown}
 v - 2 scrolls of amnesia {unknown}
 w - 2 scrolls of enchant armour {unknown}
 y - 2 scrolls of poison {unknown}
 A - a scroll of enchant weapon {unknown}
 B - a scroll of torment {unknown}
Potions
 d - 2 potions of might
 f - 7 potions of curing
 g - 2 potions of resistance {unknown}
 k - 3 potions of brilliance {unknown}
 l - a potion of heal wounds
 t - a potion of cancellation {unknown}
 x - a potion of flight {unknown}
 z - 2 potions of lignification {unknown}
 C - 3 potions of magic {unknown}
 D - a potion of haste {unknown}
 G - 2 potions of mutation {unknown}
 H - a potion of degeneration
 I - 2 potions of attraction


   Skills:
 + Level 7.2 Fighting
 + Level 12.0 Axes
 + Level 7.4 Armour
 + Level 5.2 Dodging
 + Level 0.7 Stealth
 + Level 6.9 Shields


You had 9 spell levels left.
You didn't know any spells.
Your spell library contained the following spells:

 Spells                   Type           Power      Damage    Failure   Level
 Sting                    Tmut/Pois      0%         1d3       52%         1
 Summon Small Mammal      Summ           0%         N/A       52%         1
 Poisonous Vapours        Pois/Air       0%         N/A       65%         2
 Call Canine Familiar     Summ           0%         N/A       87%         3
 Conjure Flame            Conj/Fire      0%         6-21      87%         3
 Ignite Poison            Fire/Tmut/Pois 0%         N/A       87%         3
 Mephitic Cloud           Conj/Pois/Air  0%         N/A       87%         3
 Portal Projectile        Hex/Tloc       0%         N/A       87%         3
 Summon Guardian Golem    Hex/Summ       0%         N/A       87%         3
 Leda's Liquefaction      Hex/Erth       0%         N/A       99%         4
 Olgreb's Toxic Radiance  Pois           0%         N/A       99%         4
 Sticky Flame             Conj/Fire      0%         2d3       99%         4
 Freezing Cloud           Conj/Ice/Air   0%         6-21      100%        5
 Orb of Destruction       Conj           0%         9d5       100%        7
 Spellforged Servitor     Conj/Summ      0%         N/A       100%        7


Dungeon Overview and Level Annotations

Branches:
Dungeon (10/15) Zot: 1686  Temple (0/1) D:4
   Lair: D:8-11         Orc: D:9-12

Altars:
Nemelex Xobeh
Vehumet

Shops:
D:1 [   D:9 !!


Innate Abilities, Weirdness & Mutations

You passively map the area around you.
You are easily found by Zot.
You glow in the dark.
You regain HP and MP as you explore.


Message History

The death yak is moderately wounded.
The death yak gores you!!
You hit the death yak but do no damage.
The death yak is moderately wounded.
The death yak gores you but does no damage.
You slash the death yak! You freeze the death yak.
The death yak is heavily wounded.
The death yak gores you!
You barely miss the death yak.
The death yak is heavily wounded.
The death yak gores you but does no damage.
You hit the death yak but do no damage.
The death yak is heavily wounded.
The death yak gores you!
You hit the death yak. You freeze the death yak.
The death yak is heavily wounded.
The death yak gores you.
You slash the death yak! You freeze the death yak.
The death yak is heavily wounded.
The death yak gores you!!
* * * LOW HITPOINT WARNING * * *
You hit the death yak. You freeze the death yak.
The death yak is severely wounded.
The death yak gores you!
* * * LOW HITPOINT WARNING * * *
You hit the death yak. You freeze the death yak.
The death yak is severely wounded.
The death yak gores you but does no damage.
You hit the death yak. You freeze the death yak.
The death yak is severely wounded.
You block the death yak's attack.
You slash the death yak! You freeze the death yak.
The death yak is almost dead.
The death yak gores you but does no damage.
You hit the death yak. You freeze the death yak.
You kill the death yak!
Your Fighting skill increases to level 7!
Your Axes skill increases to level 12!
The death yak attacks as you move away! The death yak gores you!!
You die...

#.### ..# ... #.#
, ... ... #.# *
.Y ..., #.#
,....Y , #.# *
.#.# #.# ... #.#
#####.###### #.#
#........... *
#@###.##########,
#.Y..?# ####### *


You could see a death yak.

Vanquished Creatures
  A death yak (D:10)
  A hornet (D:9)
  A wraith (D:9)
  A steam dragon (D:8)
  4 water moccasins
  A black bear (D:4)
  A sky beast (D:7)
  A centaur (D:9)
  3 phantoms
  3 bullfrogs
  A gnoll sergeant (D:10)
  3 scorpions
  A kobold brigand (D:9)
  11 wights
  3 howler monkeys
  2 gnoll boudas
  3 hounds
  3 jellies
  7 iguanas
  An orc wizard (D:9)
  19 gnolls
  9 adders
  2 white imps (D:6)
  An ufetubus (D:5)
  A worm (D:2)
  2 dart slugs
  9 orcs
  11 ball pythons
  5 endoplasms
  5 giant cockroaches
  4 goblins
  6 hobgoblins
  5 kobolds
  2 quokkas
  3 bats
  4 frilled lizards
  A rat (D:2)
141 creatures vanquished.

Notes
Turn   | Place    | Note
-------+----------+-------------------------------------------
     0 | D:1      | fld782 the Meteoran Fighter began the quest for the Orb.
     0 | D:1      | Reached XP level 1. HP: 19/19 MP: 2/2
   152 | D:1      | Reached XP level 2. HP: 26/26 MP: 3/3
   328 | D:1      | Found Muvvui Jobb's Antique Armour Shoppe.
   481 | D:1      | Glimpsed the power of Zot.
   508 | D:2      | Reached XP level 3. HP: 17/31 MP: 4/4
   625 | D:2      | Reached skill level 3 in Axes
   936 | D:2      | Found a faded altar of an unknown god.
   965 | D:2      | Identified the +9 scale mail "Walyabb" {rPois Int+2 Dex+4}
  1068 | D:2      | Glimpsed the power of Zot.
  1089 | D:2      | Reached XP level 4. HP: 40/40 MP: 5/5
  1115 | D:2      | Glimpsed the power of Zot.
  1543 | D:3      | Reached XP level 5. HP: 46/46 MP: 6/6
  1648 | D:3      | Glimpsed the power of Zot.
  1673 | D:4      | Found a staircase to the Ecumenical Temple.
  1817 | D:4      | Reached skill level 4 in Axes
  1858 | D:4      | Reached skill level 5 in Armour
  1858 | D:4      | Reached skill level 1 in Dodging
  1858 | D:4      | Reached XP level 6. HP: 52/52 MP: 7/7
  1992 | D:4      | Noticed a black bear
  2000 | D:4      | Reached skill level 5 in Axes
  2004 | D:4      | Reached XP level 7. HP: 47/59 MP: 8/8
  2153 | D:4      | Reached skill level 6 in Axes
  2209 | D:5      | Entered Level 5 of the Dungeon
  2466 | D:5      | Reached skill level 5 in Shields
  2466 | D:5      | Reached XP level 8. HP: 52/67 MP: 9/9
  2623 | D:6      | Reached skill level 5 in Fighting
  2623 | D:6      | Reached skill level 7 in Axes
  2771 | D:6      | Reached skill level 8 in Axes
  2771 | D:6      | Gained mutation: You passively map the area around you.
                  | [Meteoran growth]
  2771 | D:6      | Reached XP level 9. HP: 74/74 MP: 10/10
  2950 | D:5      | Reached skill level 9 in Axes
  3160 | D:7      | You fall into a shaft and drop 1 floor!
  3194 | D:8      | Found a sparkling altar of Nemelex Xobeh.
  3364 | D:7      | Reached skill level 10 in Axes
  3438 | D:8      | Found a radiant altar of Vehumet.
  3566 | D:8      | Reached XP level 10. HP: 73/83 MP: 11/11
  3706 | D:9      | Found Hismupav's Distillery.
  3714 | D:9      | Bought a potion of degeneration for 13 gold pieces
  3714 | D:9      | Bought a potion of attraction for 39 gold pieces
  3856 | D:9      | Reached skill level 11 in Axes
  3898 | D:9      | Reached skill level 5 in Dodging
  3898 | D:9      | Found Yngy's Distillery.
  3921 | D:9      | Bought a potion of curing for 48 gold pieces
  3921 | D:9      | Bought a potion of heal wounds for 80 gold pieces
  3953 | D:10     | Entered Level 10 of the Dungeon
  4020 | D:10     | HP: 2/84 [something (15)]
  4181 | D:10     | Noticed a death yak
  4181 | D:10     | Noticed a death yak
  4205 | D:10     | Killed a death yak
  4206 | D:10     | Reached skill level 12 in Axes
  4207 | D:10     | Mangled by a death yak

Illustrated notes

Levels and vault maps discovered:
D:1:      tarquinn_simple_flora_water_f, layout_loops_ring, serial_shops, shop,
          serial_forest, infiniplex_forest_clump_diagonal,
          infiniplex_forest_end_1, infiniplex_forest_clump_long,
          infiniplex_forest_clump_tiny, infiniplex_forest_end_3,
          chequers_serial_rivers_large_a, hangedman_decor_lopped
D:2:      layout_loops_ring, shapermc_ecumenical_altar_acropolis, minivault_19
D:3:      layout_loops_cross, grunt_decor_one_mirror
D:4:      nicolae_cairo_tiling, layout_gridville, minmay_temple_entry_waves,
          minivault_25, st_stairs_5
D:5:      kennysheep_spiral_hall, layout_gridville
D:6:      layout_basic, zin_scriptorium, grunt_ministairs_15
D:7:      layout_gridville, lemuel_mausoleum_altar_yredelemnul, minivault_19
D:8:      layout_basic, nicolae_overflow_hidden_temple,
          nemelex_spade_bored_becter, nicolae_vehumet_radiance, kennysheep_nub,
          uniq_maurice
D:9:      layout_big_octagon, serial_shops, shop, shop, uniq_maggie
D:10:     layout_loops_ring, kennysheep_little_box, dpeg_lair_monsters,
          serial_shops, nicolae_shop_hallway_plus, uniq_psyche

Skill      XL: |  1  2  3  4  5  6  7  8  9 10 |
---------------+-------------------------------+-----
Armour         | 4 5 6 7 |  7.4
Axes           | 3 4 5 6 8 10 12 | 12.0
Fighting       | 4 5 6 7 |  7.2
Shields        | 4 5 6 |  6.9
Dodging        | 1 2 3 4 5 |  5.2
Stealth        | |  0.7

Action                   |  1- 3 |  4- 6 |  7- 9 | 10-12 || total
-------------------------+-------+-------+-------+-------++-------
Melee: War axe           |    77 |    89 |   267 |    95 ||   528
  Use: Potion            |       |       |       |     1 ||     1
Armor: Scale mail        |    36 |    81 |   162 |    51 ||   330
Dodge: Dodged            |    24 |    42 |   125 |    38 ||   229
Block: Buckler           |    22 |    41 |   104 |    32 ||   199
